 Dungeon Crawl Stone Soup version 0.31-a0-188-g5e087ee2ca (webtiles) character file.

Game seed: 3969491765940960138

9 qw the Shooter (level 2, 0/16 HPs)
             Began as a Deep Elf Hunter on June 22, 2023.
             Succumbed to their own poison gas
             ... on level 1 of the Dungeon.
             The game lasted 00:00:09 (594 turns).

qw the Shooter (Deep Elf Hunter)                     Turns: 594, Time: 00:00:09

Health: 0/16       AC:  6    Str:  8    XL:     2   Next: 6%
Magic:  4/4        EV:  8    Int: 13    God:
Gold:   75         SH:  0    Dex: 18    Spells: 1/1 levels left

rFire   . . .        Y - +0 shortbow
rCold   . . .        (shield currently unavailable)
rNeg    . . .        d - +0 scale mail
rPois   .            (no helmet)
rElec   .            (no cloak)
rCorr   .            (no gloves)
SInv    .            (no boots)
Will    .....        (no amulet)
Stlth   +            (no ring)
HPRegen 0.22/turn    (no ring)
MPRegen 0.09/turn

%: no passive effects
@: lethally poisoned (0 -> -6), weak-willed
A: no striking features
a: no special abilities


You were on level 1 of the Dungeon.
You visited 1 branch of the dungeon, and saw 1 of its levels.

You collected 75 gold pieces.


   Skills:
 - Level 1.5 Fighting
 + Level 6.0 Ranged Weapons
 - Level 2.4 Dodging
 - Level 1.2 Stealth


You had one spell level left.
You didn't know any spells.
Your spell library was empty.

Inventory:

Hand Weapons
 Y - a +0 shortbow (weapon)
Armour
 d - a +0 scale mail (worn)
Potions
 f - a potion of curing {unknown}
 h - a potion of lignification {unknown}

Dungeon Overview and Level Annotations

Branches:
Dungeon (1/15)

Altars:


Message History

You feel momentarily disoriented.
It was a scroll of revelation.
Enter note:
Enter note:
Enter note:
Enter note:
Enter note: Done exploring.
590 ||| DROPPING scroll of butterflies.
You drop a scroll of butterflies.
Done exploring.
(D) Dungeon
Where to? (* - list waypoints, ? - help)
What level of the Dungeon? (default 1, ? - help) Sorry, I don't know how to get there.
Enter note:
Enter note:
Enter note:
Enter note:
Enter note:
Enter note:
Enter note:
Enter note:
Enter note:
Enter note:
Enter note:
Enter note:
Enter note:
Enter note:
Enter note: Really walk into that cloud of poison gas?
You are engulfed in poison gas.
You are poisoned.
You feel very sick.
592 ||| Stepping ~*~*~tactically~*~*~ (cloud).
You feel very sick.
Things that are here:
a scroll of butterflies; a +0 leather armour
There is a lethal amount of poison in your body!
You feel sick.
There is a lethal amount of poison in your body!
You die...

#..........# #..........
#..........######..........
###....##########..........
#..############..........
##...########............
###.#######..###..)..##.
###.########.######.#### ##
########¤0###¤###..###....###
.###....#¤¤¤¤¤¤¤@##.....#...#..##
.............#¤0##........#).....
...#####.¤.¤¤0¤¤...#####......#..
####...####¤¤¤¤¤####...####......
#.........###¤###.........###....
.....<......0¤'......}......'....
#.........###'###.........###....
####...####.....####...####......
...#####...###%....#####......#..


There were no monsters in sight!

Vanquished Creatures
  2 endoplasms (D:1)
  A hobgoblin (D:1)
  2 ball pythons (D:1)
  A goblin (D:1)
  5 rats (D:1)
11 creatures vanquished.

Notes
Turn   | Place    | Note
-------+----------+-------------------------------------------
     0 | D:1      | qw the Deep Elf Hunter began the quest for the Orb.
     0 | D:1      | Reached XP level 1. HP: 12/12 MP: 3/3
     0 | D:1      | 0 ||| qw: Version: 0.3-a-9-g12657ce
     0 | D:1      | 0 ||| qw: Game counter: 2837
     0 | D:1      | 0 ||| qw: Always use a shield: true
     0 | D:1      | 0 ||| qw: God list: Okawaru
     0 | D:1      | 0 ||| qw: Allow faded altars: false
     0 | D:1      | 0 ||| qw: Do Orc after D:15 true
     0 | D:1      | 0 ||| qw: Do second Lair branch before Depths: true
     0 | D:1      | 0 ||| qw: Lair rune preference: random
     0 | D:1      | 0 ||| qw: Plans: Normal
     0 | D:1      | 0 ||| PLANNING D:1-11
   147 | D:1      | Found a faded altar of an unknown god.
   380 | D:1      | Reached XP level 2. HP: 16/16 MP: 4/4
   405 | D:1      | Reached skill level 6 in Ranged Weapons
   576 | D:1      | 576 ||| UPGRADING to +0 scale mail.
   586 | D:1      | 586 ||| DROPPING +0 leather armour.
   587 | D:1      | 587 ||| READING scroll labelled ANLENK KITUOH.
   588 | D:1      | 588 ||| READING scroll labelled OPEYSU ORGHIUL.
   589 | D:1      | 589 ||| READING scroll labelled KUXTOG VIUROTA.
   590 | D:1      | 590 ||| DROPPING scroll of butterflies.
   592 | D:1      | 592 ||| Stepping ~*~*~tactically~*~*~ (cloud).
   592 | D:1      | HP: 4/16 [poisoned by you (poison gas)]
   594 | D:1      | Succumbed to their own poison gas

Levels and vault maps discovered:
D:1:      elethiomel_arrival_infinity_welcomes_careful_drivers, layout_rooms,
          hellmonk_ecumenical_altar_slurped_away, st_stairs_3,
          kennysheep_pointless_box

Skill      XL: |  1  2 |
---------------+-------+-----
Ranged Weapons | 6 |  6.0
Fighting       | |  1.5
Dodging        | |  2.4
Stealth        | |  1.2

Action                     || total
---------------------------++-------
   Fire: Shortbow          ||    19
    Use: Scroll            ||     3
 Armour: Leather armour    ||     2
  Dodge: Dodged            ||     1

Table legend:
 A = Non-vault XP
 B = Vault XP
 C = Vault XP percentage of total XP
 D = Non-vault monster count
 E = Vault monster count
 F = Vault count percentage of total count
                 A         B        C        D         E       F
            +---------+---------+-------+---------+---------+-------
      Total |       9 |       5 |  35.7 |       8 |       3 |  27.3
            +---------+---------+-------+---------+---------+-------
        D:1 |       9 |       5 |  35.7 |       8 |       3 |  27.3
            +---------+---------+-------+---------+---------+-------
